 Dungeon Crawl Stone Soup version 0.29.1-13-g9f3cf754e1 (webtiles) character file.

Game seed: 4468336827640153251

7 protoss039 the Digger (level 1, -1/13 HPs)
             Began as a Demonspawn Earth Elementalist on Feb 8, 2023.
             Slain by a jackal (3 damage)
             ... on level 1 of the Dungeon.
             The game lasted 00:00:36 (344 turns).

protoss039 the Digger (DsEE)                         Turns: 344, Time: 00:00:37

Health: -1/13      AC:  2    Str:  8    XL:     1   Next: 83%
Magic:  0/3        EV: 12    Int: 16    God:
Gold:   12         SH:  0    Dex: 13    Spells: 3/4 levels left

rFire   . . .      SeeInvis .   c - +0 dagger
rCold   . . .      Faith    .   (no shield)
rNeg    . . .      Spirit   .   a - +0 robe
rPois   .          Reflect  .   (no helmet)
rElec   .          Harm     .   (no cloak)
rCorr   .          Rampage  .   (no gloves)
Will    .....                   (no boots)
Stlth   ++........              (no amulet)
HPRegen 0.04/turn               (no ring)
MPRegen 0.08/turn               (no ring)

@: no status effects
A: no striking features
a: no special abilities


You were on level 1 of the Dungeon.
You visited 1 branch of the dungeon, and saw 1 of its levels.

You collected 12 gold pieces.

Inventory:

Hand Weapons
 c - a +0 dagger (weapon)
Armour
 a - a +0 robe (worn)
Potions
 b - a potion of magic
 d - a potion of brilliance {unknown}


   Skills:
 + Level 0.1 Fighting
 - Level 2.0 Dodging
 - Level 2.0 Stealth
 + Level 2.0 Spellcasting
 - Level 1.0 Transmutations
 + Level 2.8 Earth Magic


You had 3 spell levels left.
You knew the following spells:

 Your Spells              Type           Power      Damage    Failure   Level
a - Sandblast             Erth           20%        2d7       7%          1

Your spell library contained the following spells:

 Spells                   Type           Power      Damage    Failure   Level
 Passwall                 Tmut/Erth      5%         N/A       14%         2
 Stone Arrow              Conj/Erth      12%        3d7       34%         3
 Petrify                  Tmut/Erth      7%         N/A       67%         4


Dungeon Overview and Level Annotations

Branches:
Dungeon (1/15) Zot: 5651

Altars:


Message History

You hit the jackal.
The jackal is heavily wounded.
The jackal bites you.
Casting: Sandblast (safe; 7% risk of failure)
Confirm with . or Enter, or press ? or * to list all spells.
Aiming: Sandblast (safe; 7% risk of failure)
Press: ? - help, Shift-Dir - straight line, f - jackal
Aim: a jackal (heavily wounded, 77% to hit)
The blast of sand hits the jackal!
You kill the jackal!
Unknown command.
Casting: Sandblast (safe; 7% risk of failure)
Confirm with . or Enter, or press ? or * to list all spells.
Aiming: Sandblast (safe; 7% risk of failure)
Press: ? - help, Shift-Dir - straight line, f - hobgoblin
Aim: a hobgoblin (82% to hit)
The blast of sand hits the hobgoblin but does no damage.
The hobgoblin hits you.
The hobgoblin hits you but does no damage.
Unknown command.
Casting: Sandblast (safe; 7% risk of failure)
Confirm with . or Enter, or press ? or * to list all spells.
Aiming: Sandblast (safe; 7% risk of failure)
Press: ? - help, Shift-Dir - straight line, f/p - hobgoblin
Aim: a hobgoblin (82% to hit)
The blast of sand hits the hobgoblin.
You kill the hobgoblin!
A kobold comes into view. It is wielding a +0 short sword.
The jackal bites you.
* * * LOW HITPOINT WARNING * * *
Training target 2.0 for Dodging reached!
Training target 2.0 for Stealth reached!
Your Dodging skill increases to level 2!
Your Stealth skill increases to level 2!
Unknown command.
Unknown command.
The jackal attacks as you move away! The jackal bites you.
* * * LOW HITPOINT WARNING * * *
The jackal attacks as you move away! The jackal bites you.
You die...

#.#.# #...≈.. #.#.
###### #... #≈.~# ...
###'## #.. #..... ..
#h# #..... ....###.#
+.><.. J......h##
#..... ...####.@#
#..... #..#### ###+##
#.....#
#.###'#############
...##.......##...≈..
######.......#..§≈.≈≈
#.......#..≈≈☼≈.
##..##..# ....≈.
###.....# #####


You could see 2 jackals.

Vanquished Creatures
  A hobgoblin (D:1)
  A jackal (D:1)
  A quokka (D:1)
  A ball python (D:1)
  2 goblins (D:1)
6 creatures vanquished.

Notes
Turn   | Place    | Note
-------+----------+-------------------------------------------
     0 | D:1      | protoss039 the Demonspawn Earth Elementalist began the
                  | quest for the Orb.
     0 | D:1      | Reached XP level 1. HP: 13/13 MP: 3/3
   124 | D:1      | Reached skill level 1 in Transmutations
   344 | D:1      | Slain by a jackal

Illustrated notes

Levels and vault maps discovered:
D:1:      shiori_arrival_elements, layout_basic

Skill      XL: |  1 |
---------------+----+-----
Transmutations | 1 |  1.0
Dodging        | 2 |  2.0
Stealth        | 2 |  2.0
Fighting       | |  0.1
Spellcasting   | |  2.0
Earth Magic    | |  2.8

Action                   || total
-------------------------++-------
Melee: Dagger            ||     6
 Cast: Sandblast         ||     9
Armor: Robe              ||     3
Dodge: Dodged            ||     7
